 Seeded DCSS version 0.29.1-2-gbd0b4ee654 (webtiles) character file.

Game seed: 9544235812767849040 (custom seed)

12787 GigaChad the Spear-Bearer (level 11, -3/99 HPs)
             Began as a Minotaur Fighter on Nov 29, 2022.
             Was a High Priest of Ignis.
             Slain by a skeletal warrior
             ... wielding a +0 halberd
              (18 damage)
             ... on level 11 of the Dungeon.
             The game lasted 00:22:25 (12476 turns).

GigaChad the Spear-Bearer (Minotaur Fighter)       Turns: 12476, Time: 00:22:26

Health: -3/99      AC: 20    Str: 36    XL:     11   Next: 67%
Magic:  10/10      EV:  9    Int:  5    God:    Ignis [*****.]
Gold:   459        SH: 17    Dex:  9    Spells: 10/10 levels left

rFire   + + +      SeeInvis .   B - +9 lance "Wyrmbane" {slay drac, rPois rF+ rC+ AC+3}
rCold   + . .      Faith    .   k - +2 kite shield
rNeg    + . .      Spirit   .   L - +1 chain mail of Valiance {Str+4}
rPois   +          Reflect  +   (helmet restricted)
rElec   .          Harm     .   m - +0 cloak
rCorr   .          Rampage  .   (no gloves)
Will    .....      NoCast   +   y - +2 pair of boots of Brilliance {-Cast rF+ rN+}
Stlth   ..........              s - amulet of Dishonour {Reflect rPois SH+5}
HPRegen 0.26/turn               z - +6 ring of strength
MPRegen 0.12/turn               u - ring of protection from fire

@: no status effects
A: horns 2, retaliatory headbutt
a: Renounce Religion, Fiery Armour, Foxfire Swarm, Rising Flame


You were on level 11 of the Dungeon.
You worshipped Ignis.
Ignis was extremely pleased with you.
You visited 1 branch of the dungeon, and saw 11 of its levels.

You collected 459 gold pieces.

Inventory:

Hand Weapons
 a - a +0 war axe
 B - the +9 lance "Wyrmbane" (weapon) {slay drac, rPois rF+ rC+ AC+3}
   (You took it off Maggie on level 6 of the Dungeon)

   It inflicts extra damage against dragons and draconians.
   AC:        It affects your AC (+3).
   rF:        It protects you from fire.
   rC:        It protects you from cold.
   rPois:     It protects you from poison.
 F - a +0 quarterstaff of freezing
 K - a +5 scimitar
Armour
 b - a +0 scale mail
 c - a +0 buckler
 k - a +2 kite shield (worn)
 m - a +0 cloak (worn)
 y - the +2 pair of boots of Brilliance (worn) {-Cast rF+ rN+}
   (You found it on level 5 of the Dungeon)

   rF:        It protects you from fire.
   rN:        It protects you from negative energy.
   -Cast:     It prevents spellcasting.
 C - +0 steam dragon scales
 J - a +0 chain mail
 L - the +1 chain mail of Valiance (worn) {Str+4}
   (You found it on level 6 of the Dungeon)

   Str:       It affects your strength (+4).
Jewellery
 l - a ring of ice
 s - the amulet of Dishonour (around neck) {Reflect rPois SH+5}
   (You acquired it on level 9 of the Dungeon)

   [amulet of reflection]

   It reflects blocked missile attacks.
   rPois:     It protects you from poison.
   SH:        It affects your SH (+5).
 u - a ring of protection from fire (right hand)
 w - a ring of ice
 z - a +6 ring of strength (left hand)
Wands
 A - a wand of flame (68)
 E - a wand of paralysis (16)
 I - a wand of quicksilver (3) (quivered)
Scrolls
 e - 2 scrolls of torment {unknown}
 h - 2 scrolls of blinking
 i - 10 scrolls of identify
 n - 2 scrolls of teleportation
 o - 4 scrolls of magic mapping
 p - a scroll of enchant weapon
 t - a scroll of fear
 x - 3 scrolls of amnesia
Potions
 d - 4 potions of might
 f - a potion of berserk rage {unknown}
 g - 3 potions of curing
 j - 2 potions of degeneration {unknown}
 q - 4 potions of cancellation {unknown}
 r - 3 potions of ambrosia {unknown}
 v - a potion of heal wounds {unknown}
 D - a potion of flight {unknown}
 G - a potion of mutation {unknown}
 H - a potion of invisibility {unknown}
 M - a potion of magic {unknown}


   Skills:
 + Level 9.9 Fighting
 - Level 8.6(11.5) Axes
 + Level 12.0(13.1) Polearms
 + Level 10.6 Armour
 * Level 3.5 Dodging
 * Level 10.5 Shields


You had 10 spell levels left.
You didn't know any spells.
Your spell library contained the following spells:

 Spells                   Type           Power      Damage    Failure   Level
 Shock                    Conj/Air       0%         1d3       98%         1
 Slow                     Hex            0%         N/A       98%         1
 Confusing Touch          Hex            0%         N/A       100%        3
 Conjure Flame            Conj/Fire      0%         6-21      100%        3
 Ignite Poison            Fire/Tmut/Pois 0%         N/A       100%        3
 Swiftness                Air            0%         N/A       100%        3
 Tukima's Dance           Hex            0%         N/A       100%        3
 Vampiric Draining        Necr           0%         2d6       100%        3
 Airstrike                Air            0%         2d(0-16)  100%        4
 Fulminant Prism          Conj/Hex       0%         3d6       100%        4
 Iskenderun's Mystic Bla  Conj/Tloc      0%         2d3       100%        4
 Passage of Golubria      Tloc           0%         N/A       100%        4
 Sticky Flame             Conj/Fire      0%         2d3       100%        4
 Lee's Rapid Deconstruct  Erth           0%         3d5*      100%        5
 Yara's Violent Unravell  Hex/Tmut       0%         3d3       100%        5


Dungeon Overview and Level Annotations

Branches:
Dungeon (11/15)            Temple (0/1) D:4            Lair (0/5) D:9
    Orc: D:9-12

Altars:
Dithmenos
Fedhas
Gozag
Makhleb
Nemelex Xobeh
Okawaru
Qazlal
Sif Muna
Yredelemnul
Ignis

Annotations:
D:3 2 transporters
D:10 1 runed translucent door, croobank's ghost, journeyman DsCj


Innate Abilities, Weirdness & Mutations

You have a pair of horns on your head.
You reflexively headbutt those who attack you in melee.


Message History

You puncture the skeletal warrior!
Your headbutt misses the skeletal warrior.
The skeletal warrior is moderately damaged.
You puncture the skeletal warrior!
The skeletal warrior is moderately damaged.
You block the skeletal warrior's attack.
The skeletal warrior hits you with a +0 mace.
The skeletal warrior completely misses you.
The skeletal warrior hits you with a +0 broad axe!
The skeletal warrior hits you from afar with a +0 glaive!
You hit the skeletal warrior but do no damage.
The skeletal warrior is moderately damaged.
The skeletal warrior closely misses you.
You block the skeletal warrior's attack.
The skeletal warrior hits you but does no damage.
The skeletal warrior barely misses you.
The skeletal warrior hits you from afar with a +0 halberd!!
* * * LOW HITPOINT WARNING * * *
The skeletal warrior hits you with a +0 broad axe!
* * * LOW HITPOINT WARNING * * *
You block the skeletal warrior's attack.
You hit the skeletal warrior but do no damage.
You block the skeletal warrior's attack.
The skeletal warrior hits you from afar with a +0 glaive.
* * * LOW HITPOINT WARNING * * *
You hit the skeletal warrior but do no damage.
Your headbutt misses the skeletal warrior.
You block the skeletal warrior's attack.
The skeletal warrior hits you but does no damage.
You block the skeletal warrior's attack.
The skeletal warrior hits you but does no damage. x2
You hit the skeletal warrior but do no damage.
You headbutt the skeletal warrior, but do no damage.
You hit the skeletal warrior but do no damage.
You headbutt the skeletal warrior, but do no damage.
You block the skeletal warrior's attack.
The skeletal warrior hits you but does no damage.
You block the skeletal warrior's attack.
The skeletal warrior hits you from afar with a +0 halberd!!
You die...

.. #.. .... .$...
############?....
.......z.....#
.......@zz...#
.......z..#..#
.........z...#
.###########.# ..
... #......#.#
#........#
#........#


You could see 5 skeletal warriors.

Vanquished Creatures
  Fannar (D:10)
  Erolcha (D:10)
  2 two-headed ogres
  Sonja (D:11)
  Pikel (D:7)
  A manticore (D:11)
  Psyche (D:11)
  Maggie (D:6)
  A kobold demonologist (D:10)
  3 trolls
  A vampire (D:10)
  2 shadows
  13 yaks
  2 wraiths (D:9)
  A wyvern (D:10)
  3 steam dragons
  Grum (D:10)
  A water moccasin (D:5)
  An orc warrior (D:8)
  4 sky beasts
  An ogre (D:5)
  2 phantoms (D:5)
  5 wolves
  A centaur (D:7)
  6 kobold brigands
  4 bullfrogs
  A necrophage (D:6)
  4 scorpions
  13 wights
  8 killer bees
  A howler monkey (D:5)
  7 hounds
  A jelly (D:5)
  A gnoll bouda (D:8)
  5 orc priests
  3 iguanas
  10 orc wizards
  7 gnolls
  9 adders
  A shadow imp (D:6)
  3 ufetubi
  2 dart slugs
  26 orcs
  9 ball pythons
  7 endoplasms
  A giant cockroach (D:2)
  10 goblins
  7 hobgoblins
  3 jackals (D:3)
  4 quokkas
  A bat (D:3)
  3 frilled lizards
  26 kobolds
  6 rats
240 creatures vanquished.

Vanquished Creatures (others)
  A white imp (D:7)
  5 foxfires (D:10)
  2 plants (D:10)
8 creatures vanquished.

Grand Total: 248 creatures vanquished

Notes
Turn   | Place    | Note
-------+----------+-------------------------------------------
     0 | D:1      | GigaChad the Minotaur Fighter began the quest for the Orb.
     0 | D:1      | Reached XP level 1. HP: 19/19 MP: 0/0
   211 | D:1      | Reached XP level 2. HP: 27/27 MP: 1/1
   462 | D:2      | Reached XP level 3. HP: 23/33 MP: 2/2
   754 | D:2      | Reached XP level 4. HP: 40/40 MP: 3/3
   797 | D:2      | Found a faded altar of an unknown god.
   808 | D:2      | Prayed at the altar of an unknown god.
   808 | D:2      | Became a worshipper of Ignis, the Dying Flame
  1518 | D:3      | Found an iron altar of Okawaru.
  1853 | D:3      | Found a transporter.
  1903 | D:3      | Found a transporter.
  2504 | D:4      | Reached XP level 5. HP: 47/47 MP: 4/4
  2849 | D:4      | Found a staircase to the Ecumenical Temple.
  2873 | D:4      | Reached skill level 5 in Axes
  2919 | D:4      | Reached XP level 6. HP: 41/53 MP: 5/5
  3092 | D:4      | Reached skill level 5 in Armour
  3419 | D:4      | Found a stormy altar of Qazlal.
  3581 | D:5      | Entered Level 5 of the Dungeon
  3614 | D:5      | Reached skill level 5 in Shields
  3633 | D:5      | Reached skill level 5 in Fighting
  3854 | D:5      | Identified the +2 pair of boots of Brilliance {-Cast rF+
                  | rN+}
  3952 | D:5      | Reached XP level 7. HP: 56/61 MP: 6/6
  4061 | D:5      | Found an opulent altar of Gozag.
  4715 | D:5      | Found a sparkling altar of Nemelex Xobeh.
  4966 | D:6      | Noticed Maggie
  4986 | D:6      | Killed Maggie
  4987 | D:6      | Reached XP level 8. HP: 22/70 MP: 7/7
  5855 | D:6      | Found a shimmering blue altar of Sif Muna.
  5876 | D:6      | Reached skill level 1 in Polearms
  6210 | D:6      | Identified the +1 chain mail of Valiance {Str+4}
  6310 | D:7      | Reached skill level 2 in Polearms
  6460 | D:7      | Noticed Pikel
  6467 | D:7      | Killed Pikel
  6468 | D:7      | Reached skill level 4 in Polearms
  6468 | D:7      | Reached XP level 9. HP: 78/78 MP: 8/8
  6564 | D:7      | Found a shadowy altar of Dithmenos.
  6670 | D:7      | Reached skill level 5 in Polearms
  7036 | D:7      | Reached skill level 6 in Polearms
  7421 | D:8      | Found a burning altar of Makhleb.
  7421 | D:8      | Noticed a two-headed ogre
  7425 | D:8      | Killed a two-headed ogre
  7426 | D:8      | Reached skill level 7 in Polearms
  7620 | D:8      | Reached skill level 8 in Polearms
  7620 | D:8      | Reached XP level 10. HP: 85/88 MP: 9/9
  7731 | D:8      | Reached skill level 9 in Polearms
  9407 | D:9      | Reached skill level 10 in Polearms
 10430 | D:9      | Found a staircase to the Lair.
 10895 | D:9      | Reached skill level 11 in Polearms
 10900 | D:9      | Found a basalt altar of Yredelemnul.
 11029 | D:9      | Identified a scroll of acquirement
 11029 | D:9      | Acquired the amulet of Dishonour {Reflect rPois SH+5}
 11089 | D:10     | Entered Level 10 of the Dungeon
 11152 | D:10     | Reached XP level 11. HP: 97/97 MP: 10/10
 11180 | D:10     | Found a blossoming altar of Fedhas.
 11180 | D:10     | Noticed Fannar
 11207 | D:10     | Killed Fannar
 11208 | D:10     | Reached skill level 1 in Dodging
 11514 | D:10     | Noticed Erolcha
 11523 | D:10     | Killed Erolcha
 11524 | D:10     | Reached skill level 10 in Armour
 11971 | D:10     | Noticed Grum
 11986 | D:10     | Killed Grum
 12180 | D:10     | Found a runed translucent door.
 12182 | D:10     | Noticed croobank's ghost (journeyman DsCj)
 12186 | D:10     | Identified the +5 trident "Eviscerator" {pain, Fly Int-2
                  | Dex+3}
 12203 | D:11     | Noticed Psyche
 12203 | D:11     | Noticed Sonja
 12214 | D:11     | Killed Psyche
 12215 | D:11     | Reached skill level 10 in Shields
 12217 | D:11     | Killed Sonja
 12448 | D:11     | Noticed a two-headed ogre
 12455 | D:11     | Killed a two-headed ogre
 12461 | D:11     | Reached skill level 12 in Polearms
 12461 | D:11     | Noticed a skeletal warrior
 12461 | D:11     | Noticed a skeletal warrior
 12461 | D:11     | Noticed a skeletal warrior
 12461 | D:11     | Noticed a skeletal warrior
 12461 | D:11     | Noticed a skeletal warrior
 12476 | D:11     | Slain by a skeletal warrior

Illustrated notes

Levels and vault maps discovered:
D:1:      dpeg_arrival_ternary, layout_loops_ring
D:2:      cheibrodos_helix_gallery, layout_loops_ring,
          dreamdust_ecumenical_altar_statues, kennysheep_generic_room_15
D:3:      gammafunk_wand_slinger, layout_loops_corners, lemuel_round_altar,
          kennysheep_potato
D:4:      layout_loops_ring, nicolae_qazlal_general_emergency,
          minmay_temple_entry_tees
D:5:      layout_loops_ring, grunt_gozag_breadcrumbs, nemelex_spade_bored_becter
D:6:      layout_loops_ring, old_standard_altar, uniq_maggie
D:7:      layout_basic, mainiacjoe_overflow_six_doors_small, uniq_pikel
D:8:      layout_basic, lemuel_crystal_altar, nicolae_wand_duel
D:9:      layout_basic, general_overflow_altar, erik_lair_island,
          nrook_pool_corridor
D:10:     layout_roguey, lemuel_doored_altar, ebering_ghost_funeral_grove,
          uniq_grum, uniq_erolcha, uniq_fannar
D:11:     layout_stronghold, uniq_psyche, uniq_sonja

Skill      XL: |  1  2  3  4  5  6  7  8  9 10 11 |
---------------+----------------------------------+-----
Fighting       | 4 5 6 7 9 |  9.9
Shields        | 4 5 6 7 8 10 | 10.5
Armour         | 4 5 7 8 9 10 | 10.6
Axes           | 3 4 5 6 7 8 |  8.6
Polearms       | 4 8 11 12 | 12.0
Dodging        | 3 |  3.5

Action                   |  1- 3 |  4- 6 |  7- 9 | 10-12 || total
-------------------------+-------+-------+-------+-------++-------
Melee: War axe           |    55 |   115 |    55 |       ||   225
       Headbutt          |     7 |    14 |    28 |    50 ||    99
       Lance             |       |       |   136 |   278 ||   414
Throw: Javelin           |       |       |       |     6 ||     6
Invok: Fiery Armour      |       |       |     1 |       ||     1
       Foxfire Swarm     |       |       |       |     1 ||     1
Evoke: Wand              |       |       |       |     1 ||     1
  Use: Scroll            |       |     2 |       |    12 ||    14
Armor: Scale mail        |    44 |    64 |    96 |    13 ||   217
       Chain mail        |       |       |       |    72 ||    72
Dodge: Dodged            |    42 |    61 |    76 |    69 ||   248
Block: Buckler           |    19 |    28 |    41 |    26 ||   114
       Kite shield       |       |       |       |    96 ||    96
       Reflection        |       |       |       |     4 ||     4
